 Dungeon Crawl Stone Soup version 0.22.1-1-ga44c0e5 (webtiles) character file.

198 Folque the Bolt Thrower (level 6, -1/37 HPs)
             Began as a Kobold Hunter on Sept 27, 2018.
             Was a Follower of Uskayaw.
             Slain by a centaur (6 damage)
             ... on level 4 of the Dungeon.
             The game lasted 00:10:07 (3133 turns).

Folque the Bolt Thrower (Kobold Hunter)             Turns: 3133, Time: 00:10:08

Health: -1/37      AC:  6    Str:  8 (9)  XL:     6   Next: 5%
Magic:  4/7        EV: 22    Int: 14 (15) God:    Uskayaw [*.....]
Gold:   112        SH:  0    Dex: 22 (23) Spells: 5/5 levels left

rFire    . . .     SeeInvis .   e - +1 short sword (speed)
rCold    . . .     Gourm    .   (shield restricted)
rNeg     . . .     Faith    .   c - +0 leather armour
rPois    .         Spirit   .   u - +2 helmet {Int+3}
rElec    .         Reflect  .   (no cloak)
rCorr    .         Harm     .   (no gloves)
MR       .....                  (no boots)
Stlth    +++.......             (no amulet)
HPRegen  0.12/turn              (no ring)
MPRegen  0.10/turn              (no ring)

@: agile
A: small, carnivore
a: Stomp, Renounce Religion


You were on level 4 of the Dungeon.
You worshipped Uskayaw.
Uskayaw was noncommittal.
You were completely stuffed.

You visited 1 branch of the dungeon, and saw 4 of its levels.

You collected 112 gold pieces.

Inventory:

Hand Weapons
 e - a +1 short sword of speed (weapon)
 h - a +0 short sword
 w - a +1 hand crossbow
 x - a +0 blowgun
 y - a +0 rapier
Missiles
 i - 56 poisoned needles
 q - 9 bolts
Armour
 c - a +0 leather armour (worn)
 u - a +2 helmet of intelligence (worn)
 v - a scarf of spirit shield
 A - a +0 pair of boots
Jewellery
 l - an uncursed amulet of rage {unknown}
 s - an uncursed ring of ice {unknown}
 B - a +5 ring of dexterity {unknown}
Scrolls
 d - 4 scrolls of noise {unknown}
 g - a scroll of identify {unknown}
 j - a scroll of immolation {unknown}
 m - 2 scrolls of teleportation {unknown}
 p - 2 scrolls of remove curse
 t - a scroll of random uselessness {unknown}
Potions
 a - 2 potions of degeneration
 k - a potion of curing {unknown}
 n - a potion of flight {unknown}
 o - a potion of resistance {unknown}
 r - 2 potions of cancellation {unknown}
 z - a potion of might {unknown}
Comestibles
 f - 6 rations


   Skills:
 - Level 3.2 Fighting
 - Level 6.0 Crossbows
 + Level 1.8 Armour
 * Level 3.9 Dodging
 - Level 1.3 Stealth
 + Level 1.6 Invocations


You had 5 spell levels left.
You didn't know any spells.
Your spell library was empty.

Dungeon Overview and Level Annotations

Branches:
Dungeon (4/15)
 Temple: D:4-7

Altars:
Dithmenos
Hepliaklqana
Ru
Uskayaw


Innate Abilities, Weirdness & Mutations

You are small and have problems with some larger weapons.
You are carnivorous and can eat meat at any time.


Message History

The centaur barely misses you.
You hit the centaur.
The centaur is moderately wounded.
The centaur hits you!
* * * LOW HITPOINT WARNING * * *
Okay, then.
It was a potion of degeneration.
There was something very wrong with that liquid.
You feel weakened.
You feel dopey.
You feel clumsy. The centaur completely misses you.
It was a potion of agility.
You feel agile all of a sudden. The centaur barely misses you.
The centaur misses you.
You hit the centaur but do no damage.
The centaur is moderately wounded.
The centaur completely misses you.
You hit the centaur.
The centaur is heavily wounded.
The centaur hits you.
You die...

########## .........#
.........###############
....>....+(...((@cJ..(..
.........#.#######(.....
...#.............+ ...(.
...##.##.#.####### ....
...##.##...# ...
...##.###### .. ...##.#
. ...##.# #+###.#


You could see a centaur and an ooze.

Vanquished Creatures
  Natasha (thrice) (D:2)
  5 adders
  A worm (D:3)
  4 dart slugs (D:1)
  A leopard gecko (D:1)
  4 orcs (D:3)
  A giant cockroach (D:2)
  8 goblins
  8 hobgoblins
  7 kobolds
  2 quokkas (D:3)
  12 bats
  4 frilled lizards
  6 rats
66 creatures vanquished.

Notes
Turn   | Place    | Note
-------+----------+-------------------------------------------
     0 | D:1      | Folque the Kobold Hunter began the quest for the Orb.
     0 | D:1      | Reached XP level 1. HP: 12/12 MP: 1/1
   330 | D:1      | Reached skill level 5 in Crossbows
   330 | D:1      | Reached XP level 2. HP: 12/18 MP: 2/2
   732 | D:1      | Reached XP level 3. HP: 20/23 MP: 3/3
  1426 | D:2      | Reached XP level 4. HP: 26/28 MP: 4/4
  1506 | D:2      | Noticed Natasha
  1522 | D:2      | Killed Natasha
  1522 | D:2      | Reached skill level 1 in Armour
  1729 | D:2      | Found a hide-covered altar of Uskayaw.
  1734 | D:2      | Became a worshipper of Uskayaw the Reveler
  1741 | D:2      | Reached skill level 6 in Crossbows
  1805 | D:2      | Reached * piety under Uskayaw
  1831 | D:2      | Noticed Natasha
  1835 | D:2      | Reached ** piety under Uskayaw
  1836 | D:2      | Killed Natasha
  1836 | D:2      | Reached XP level 5. HP: 32/32 MP: 5/5
  1977 | D:2      | Noticed Natasha
  1981 | D:2      | Killed Natasha
  1981 | D:2      | Reached skill level 1 in Invocations
  2170 | D:3      | Found a hazy altar of Hepliaklqana.
  2240 | D:3      | Found a shadowy altar of Dithmenos.
  2241 | D:3      | Found a sacrificial altar of Ru.
  3032 | D:3      | Reached XP level 6. HP: 36/37 MP: 7/7
  3133 | D:4      | Slain by a centaur

Skill      XL: |  1  2  3  4  5 |
---------------+----------------+-----
Crossbows      | 5 6 |  6.0
Fighting       | 3 |  3.2
Armour         | 1 |  1.8
Dodging        | 3 |  3.9
Invocations    | 1 |  1.6
Stealth        | |  1.3

Action                   |  1- 3 |  4- 6 || total
-------------------------+-------+-------++-------
Melee: Short sword       |   113 |   116 ||   229
 Fire: Hand crossbow     |     7 |    32 ||    39
Invok: Stomp             |       |     3 ||     3
  Use: Scroll            |       |     1 ||     1
       Potion            |       |     2 ||     2
 Stab: Sleeping          |     5 |     1 ||     6
  Eat: Chunk             |    10 |     6 ||    16
Armor: Leather armour    |    32 |    23 ||    55
Dodge: Dodged            |    79 |    89 ||   168
